cohdb
Replays
Latest Replays
All Replays
Popular Replays
Top Player Replays
Match Explorer
How It Works
Community
CoH3 Stats
Reddit
Sign in to upload your games and track your stats! →
Sign in with Steam
Match 40324644
Unlisted
Match 40324644
Overview
Messages
Build Orders
End
Kettenkrad Recon Vehicle
Construct Infanterie Kompanie
Grenadier Squad
MG 42 Machine Gun Team
Selects Terror Battlegroup
Selects Machine Gun Camouflage
MG 42 Machine Gun Team
Construct Panzergrenadier Kompanie
251 Medium Carrier
Panzergrenadier Officer Quarters
Panzergrenadier Squad
Selects Contempt for the Weak
Panzergrenadier Squad
Support Elements
Nebelwerfer 42 Rocket Launcher Team
StuG III G Assault Gun
Nebelwerfer 42 Rocket Launcher Team
StuG III G Assault Gun
Kettenkrad Recon Vehicle
Medical Station
Selects No Quarter
StuG III G Assault Gun
Repair Bunker
HulkSMASH
Havoc
SMOKO
WARNING ORDER: ZULU!!!
0
0
Comments
sign in to comment!
No comments posted yet!